 Dungeon Crawl Stone Soup version 0.31.0-12-g77e489cdc1 (webtiles) character file.

Game seed: 1568458519525976856

4022 Doomgape the Fighter (level 10, 0/68 HPs)
             Began as a Gargoyle Fighter on Mar 1, 2024.
             Was a Priest of Okawaru.
             Slain by a rust devil (7 damage)
             ... on level 8 of the Dungeon.
             The game lasted 00:23:49 (9525 turns).

Doomgape the Fighter (Gargoyle Fighter)             Turns: 9525, Time: 00:23:50

Health: 0/68       AC: -3    Str: 24    XL:     10   Next: 24%
Magic:  0/10       EV:  9    Int:  9    God:    Okawaru [***...]
Gold:   315        SH: 11    Dex:  9    Spells: 9/9 levels left

rFire   . . .        a - +1 flail
rCold   . . .        l - +1 kite shield
rNeg    + . .        e - +0 chain mail
rPois   ∞            (no helmet)
rElec   +            (no cloak)
rCorr   .            (no gloves)
SInv    .            (no boots)
Will    .....        f - amulet of guardian spirit Stlth
                     (no ring)
HPRegen 0.31/turn    (no ring)
MPRegen 0.12/turn

%: guardian spirit
@: mighty, heroic, corroded
A: sickness immunity, AC +7, negative energy resistance 1, electricity
resistance, torment resistance 1, petrification resistance
a: Renounce Religion, Heroism


You were on level 8 of the Dungeon.
You worshipped Okawaru.
Okawaru was most pleased with you.
You visited 2 branches of the dungeon, and saw 11 of its levels.

You collected 393 gold pieces.
You spent 78 gold pieces at shops.

Inventory:

Hand Weapons
 a - a +1 flail (weapon)
Missiles
 s - 4 javelins (quivered)
Armour
 e - a +0 chain mail (worn)
 l - a +1 kite shield (worn)
Jewellery
 f - an amulet of guardian spirit (around neck)
 i - a ring of magical power
 u - an amulet of regeneration
 y - a ring of see invisible
Wands
 n - a wand of flame (21)
 p - a wand of paralysis (20)
 q - a wand of iceblast (14)
Scrolls
 b - a scroll of immolation
 c - a scroll of enchant armour
 h - a scroll of summoning
 j - a scroll of teleportation
 k - 3 scrolls of identify
 m - 2 scrolls of enchant weapon
 w - 2 scrolls of blinking
 z - a scroll of fear {unknown}
 A - a scroll of silence {unknown}
 B - a scroll of poison {unknown}
 D - a scroll of revelation
Potions
 g - 5 potions of curing
 o - 4 potions of heal wounds
 r - a potion of lignification
 t - 2 potions of mutation
 v - 2 potions of enlightenment
 x - 3 potions of resistance
 C - a potion of magic


   Skills:
 + Level 9.8(14.8) Fighting
 + Level 8.5(13.5) Maces & Flails
 + Level 9.6(14.6) Armour
 - Level 4.0(9.0) Shields


You had 9 spell levels left.
You didn't know any spells.
Your spell library contained the following spells:

 Spells                   Type           Power      Damage    Failure   Level
 Apportation              Tloc           0%         N/A       95%         1
 Necrotise                Necr           0%         1d4       95%         1
 Slow                     Hex            0%         N/A       95%         1
 Sting                    Conj/Alch      0%         1d3       95%         1
 Confusing Touch          Hex            0%         N/A       100%        3
 Sigil of Binding         Hex            0%         N/A       100%        3
 Stone Arrow              Conj/Erth      0%         3d7       100%        3
 Vampiric Draining        Necr           0%         2d6       100%        3
 Lehudib's Crystal Spear  Conj/Erth      0%         10d2      100%        8
 Summon Small Mammal      Summ           Unusable   N/A       N/A         1
 Animate Armour           Summ/Erth      Unusable   N/A       N/A         4

Dungeon Overview and Level Annotations

Branches:
Dungeon (10/15)            Temple (1/1) D:6
   Lair: D:8-11         Orc: D:9-12

Altars:
Ashenzari
Cheibriados
Dithmenos
Elyvilon
Fedhas
Gozag
Kikubaaqudgha
Makhleb
Nemelex Xobeh
Okawaru
Qazlal
Ru
Sif Muna
Trog
Uskayaw
Vehumet
Wu Jian
Xom
Yredelemnul
Zin
The Shining One

Shops:
D:5 (   D:7 *

Annotations:
D:1 1 transporter


Innate Abilities, Weirdness & Mutations

You are immune to sickness and miasma.
Your stone body is resilient. (AC +7)
You are immune to poison.
You resist negative energy. (rN+)
You are resistant to electric shocks. (rElec)
You are resistant to unholy torment.
You are immune to petrification.


Message History

You hit the orc warrior but do no damage.
You block the orc warrior's attack.
The orc warrior hits you but does no damage.
The rust devil barely misses you. You block the rust devil's attack.
You closely miss the orc warrior. You block the orc warrior's attack. x2
You block the rust devil's attack. The rust devil hits you.
The rust devil corrodes you!
Unknown command.
You sock the orc warrior!
The orc warrior is heavily wounded.
Unknown command.
You sock the orc warrior!
You kill the orc warrior!
Okawaru accepts your kill. You block the rust devil's attack.
The rust devil hits you. The rust devil corrodes you!
You block the orc warrior's attack.
Unknown command.
Found a chain mail.
The rust devil hits you! The rust devil corrodes you!
The rust devil completely misses you.
The orc warrior hits you with a +1 morningstar of draining!
Things that are here:
a +0 halberd; a +0 plate armour You hit the orc warrior.
The orc warrior is lightly wounded.
The rust devil hits you. The rust devil corrodes you! The rust devil hits you!
* * * LOW HITPOINT WARNING * * *
The rust devil corrodes you!
The orc warrior hits you with a +1 morningstar of draining!
* * * LOW HITPOINT WARNING * * *
You barely miss the orc warrior.
The orc warrior is lightly wounded.
The rust devil hits you!
* * * LOW HITPOINT WARNING * * *
The rust devil corrodes you! You block the rust devil's attack.
The orc warrior barely misses you.
Unknown command.
You barely miss the orc warrior.
The orc warrior is lightly wounded.
The rust devil hits you!
You die...

##.#.#...#.##.........
#.........####........
#.....###...##........
#####
#...###[###..#.###'#..
....# #..##)#'#)##.#.#
#.#.# ....#
#..##.....##...# #.#.#
....# #.##.......##..#
#.#.# ....#
#.#>44.8...∩#..# #.#..
....#
#.##.@.....##..###.###
....#
#..##o....##.......#
....#
##.##)#'#)##.####..#
##### #..###[###..#
##)# ##...###...##
#.## ###.....### #..##
####..# #...#
##.##########..
######## #........#
#..


You could see 2 rust devils and an orc warrior.

Vanquished Creatures
  A gargoyle (D:8)
  A shadow (D:8)
  3 yaks (D:9)
  Grum (D:9)
  An acid dragon (D:8)
  4 orc warriors
  3 wolves (D:9)
  A centaur (D:6)
  2 sky beasts (D:6)
  An ogre (D:7)
  A phantom (D:6)
  3 kobold brigands (D:7)
  A gnoll sergeant (D:7)
  A bullfrog (D:8)
  5 scorpions
  9 killer bees (D:8)
  2 howler monkeys (D:7)
  2 orc priests
  2 bombardier beetles
  3 hounds
  A gnoll bouda (D:4)
  2 jellies
  An iguana (D:5)
  Ijyb (D:3)
  8 orc wizards
  7 gnolls
  3 adders
  A white imp (D:7)
  3 ribbon worms
  A dart slug (D:3)
  34 orcs
  8 ball pythons
  A bat (D:3)
  9 endoplasms
  A giant cockroach (D:3)
  5 goblins
  4 hobgoblins
  8 jackals
  5 quokkas
  3 frilled lizards (D:2)
  10 kobolds
  4 rats
167 creatures vanquished.

Notes
Turn   | Place    | Note
-------+----------+-------------------------------------------
     0 | D:1      | Doomgape the Gargoyle Fighter began the quest for the Orb.
     0 | D:1      | Reached XP level 1. HP: 14/14 MP: 1/1
   156 | D:1      | Reached XP level 2. HP: 16/19 MP: 2/2
  1023 | D:2      | Reached XP level 3. HP: 23/24 MP: 3/3
  1259 | D:2      | Found a faded altar of an unknown god.
  1707 | D:3      | Reached XP level 4. HP: 21/29 MP: 4/4
  1907 | D:3      | Noticed Ijyb
  1908 | D:3      | Paralysed by Ijyb for 2 turns
  2045 | D:3      | Paralysed by Ijyb for 5 turns
  2052 | D:3      | Paralysed by Ijyb for 3 turns
  2057 | D:3      | Killed Ijyb
  2058 | D:3      | Reached XP level 5. HP: 32/33 MP: 5/5
  2890 | D:4      | Reached XP level 6. HP: 40/40 MP: 4/6
  2969 | D:4      | Reached skill level 5 in Fighting
  3068 | D:5      | Entered Level 5 of the Dungeon
  3114 | D:5      | Reached skill level 5 in Armour
  3232 | D:5      | Identified the maw talisman "Paelic" {rCorr Int-3 Dex+3}
  3540 | D:5      | Found Ydugygg's Weapon Boutique.
  3688 | D:5      | Found a sacrificial altar of Ru.
  4002 | D:5      | Found a shimmering altar of Xom.
  4002 | D:5      | Found a glowing silver altar of Zin.
  4003 | D:5      | Found an ornate altar of the Wu Jian Council.
  4253 | D:5      | Reached XP level 7. HP: 35/44 MP: 4/7
  4747 | D:6      | Reached skill level 5 in Maces & Flails
  4761 | D:6      | Reached XP level 8. HP: 22/52 MP: 3/8
  5228 | D:6      | Found a staircase to the Ecumenical Temple.
  5244 | Temple   | Entered the Ecumenical Temple
  5297 | Temple   | Became a worshipper of Warmaster Okawaru
  5802 | D:7      | Noticed a +0 short sword
  5802 | D:7      | Noticed a +0 short sword
  5804 | D:7      | Noticed a +0 dagger
  5804 | D:7      | Noticed a +0 falchion
  5804 | D:7      | Noticed a +0 spear
  5805 | D:7      | Noticed a +0 dagger
  5805 | D:7      | Noticed a +0 falchion
  5814 | D:7      | Found a hide-covered altar of Uskayaw.
  5817 | D:7      | Noticed a +0 spear
  6111 | D:7      | Found Soxi's General Store.
  6119 | D:7      | Bought a potion of curing for 30 gold pieces
  6119 | D:7      | Bought a wand of paralysis (2) for 48 gold pieces
  6306 | D:7      | Reached * piety under Okawaru
  6458 | D:7      | Reached XP level 9. HP: 51/58 MP: 7/9
  6462 | D:7      | You fall into a shaft and drop 3 floors!
  6462 | D:10     | Entered Level 10 of the Dungeon
  6491 | D:9      | Noticed Grum
  7565 | D:8      | Noticed a rust devil
  7566 | D:8      | Noticed a rust devil
  7569 | D:8      | Noticed a gargoyle
  7582 | D:8      | Killed a gargoyle
  7582 | D:8      | Reached ** piety under Okawaru
  7872 | D:8      | Found a stormy altar of Qazlal.
  8889 | D:8      | Reached *** piety under Okawaru
  9128 | D:9      | Reached XP level 10. HP: 44/66 MP: 6/10
  9138 | D:9      | Killed Grum
  9525 | D:8      | Slain by a rust devil

Illustrated notes

Levels and vault maps discovered:
D:1:      spicycebolla_arrival_transporter_tutorial, layout_loops_ring
D:2:      layout_loops_ring, basic_ecumenical_altar,
          hangedman_abyss_or_decor_lesser_grid, minmay_misc_feat_square
D:3:      layout_loops_cross, uniq_ijyb
D:4:      layout_cave_pools, abandoned_shop, chequers_garden,
          ebering_dispersal_statue_hall, hangedman_abyss_or_decor_stagger
D:5:      layout_layer_cave, nicolae_ru_awakened_eye,
          gammafunk_temple_overflow_claw, serial_shops, shop,
          minmay_misc_feat_columns
D:6:      layout_basic, temple_green
D:7:      layout_basic, nicolae_uskayaw_en_pointe, serial_shops,
          nicolae_shop_tiny_statue_garden, kennysheep_generic_room_9
D:8:      cheibrodos_iron_armory, layout_basic, nicolae_qazlal_eye_of_the_storm
D:9:      layout_gridville, uniq_grum
D:10:     layout_roguey, nicolae_hepliaklqana_ecumenical_no_more,
          serial_aquarium, aquarium_bridge_long_joined
          [aquarium_subvault_window, aquarium_subvault_wall,
          aquarium_subvault_window, aquarium_subvault_window,
          aquarium_subvault_bridge, aquarium_subvault_wall],
          aquarium_bridge_square [aquarium_subvault_bridge,
          aquarium_subvault_balcony, aquarium_subvault_bridge,
          aquarium_subvault_balcony], aquarium_window_2,
          aquarium_window_corridor_2, aquarium_view_2a, aquarium_view_2b,
          aquarium_pool_side, minmay_increasing_density, uniq_erica
Temple:   bh_familiar_temple

Skill      XL: |  1  2  3  4  5  6  7  8  9 |
---------------+----------------------------+-----
Fighting       | 4 5 6 7 9 |  9.8
Armour         | 4 5 6 7 9 |  9.6
Shields        | 4 |  4.0
Maces & Flails | 3 4 5 6 8 |  8.5

Action                     |  1- 3 |  4- 6 |  7- 9 | 10-12 || total
---------------------------+-------+-------+-------+-------++-------
  Melee: Flail             |   127 |   192 |   482 |    45 ||   846
 Invoke: Heroism           |       |       |       |     1 ||     1
  Evoke: Wand              |       |       |     6 |       ||     6
    Use: Scroll            |       |     4 |    13 |       ||    17
         Potion            |       |       |     3 |     1 ||     4
   Stab: Paralysed         |       |       |     4 |       ||     4
 Armour: Chain mail        |   123 |   153 |   457 |    54 ||   787
         Scale mail        |     1 |       |       |       ||     1
  Dodge: Dodged            |    45 |    64 |   161 |    19 ||   289
  Block: Buckler           |    17 |       |       |       ||    17
         Kite shield       |    22 |   106 |   264 |    39 ||   431
